 Dungeon Sprint DCSS version 0.31-a0-358-gac0dbeb3ab (webtiles) character file.

Game seed: 16231891580199128176

6 garrulousMonolith the Changeling (level 1, -1/14 HPs)
             Began as an Octopode Shapeshifter on July 25, 2023.
             Was a Follower of Wu Jian.
             Slain by an ufetubus (2 damage)
             ... in the Dungeon (Sprint VII: "The Pits").
             The game lasted 00:00:55 (88 turns).

garrulousMonolith the Changeling (OpSh)               Turns: 88, Time: 00:00:56

Health: -1/14      AC:  1    Str: 14    XL:     1   Next: 90%
Magic:  1/1        EV: 13    Int: 10    God:    Wu Jian [*.....]
Gold:   0          SH:  0    Dex: 12    Spells: 0/0 levels left

rFire   . .          .
                       - Unarmed
rCold   . . .        (no shield)
rNeg    . . .        (helmet currently unavailable)
rPois   .            (no amulet)
rElec   .            (no ring)
rCorr   .            (no ring)
SInv    .            (no ring)
Will    .....        (no ring)
Stlth   +++          (no ring)
HPRegen 0.22/turn    (no ring)
MPRegen 0.07/turn    (no ring)
                     (no ring)

%: no teleportation
@: beast-form
A: beast (slay +2), almost no armour, amphibious, 8 rings, camouflage 1,
gelatinous body 1, (nimble swimmer 1), tentacles
a: Begin Untransformation, Renounce Religion


You were in the Dungeon.
You worshipped Wu Jian.
Wu Jian was aware of your devotion.
You were a hulking beast.
You visited 1 branch

Inventory:

Hand Weapons
 i - a +2 falchion of electrocution
Missiles
 k - 10 stones
Talismans
 b - a beast talisman
Scrolls
 h - a scroll of blinking
 l - 5 scrolls of amnesia
 m - a scroll of butterflies
Potions
 a - a potion of lignification
 c - a potion of curing
 e - a potion of haste
 f - 4 potions of magic
 g - 3 potions of berserk rage
 j - 2 potions of invisibility


   Skills:
 + Level 1.6 Fighting
 + Level 2.4 Dodging
 + Level 1.7 Stealth
 + Level 3.3 Unarmed Combat
 * Level 3.4 Shapeshifting


You couldn't memorise any spells.
You didn't know any spells.
Your spell library was empty.

Dungeon Overview and Level Annotations

Branches:
Dungeon (1/1)

Altars:
Ashenzari
Cheibriados
Dithmenos
Elyvilon
Fedhas
Gozag
Hepliaklqana
Kikubaaqudgha
Makhleb
Nemelex Xobeh
Okawaru
Qazlal
Ru
Sif Muna
Trog
Uskayaw
Vehumet
Wu Jian
Xom
Yredelemnul
Zin
The Shining One
Jiyva
Lugonu


Innate Abilities, Weirdness & Mutations

You are a hulking beast.
Your limbs bulge with bestial killing power. (Slay +2)
You cannot wear most types of armour.
You are amphibious.
You can wear up to eight rings at the same time.
Your skin changes colour to match your surroundings (Stealth+).
Your rubbery body absorbs attacks. (AC +1, EV +1)
((You are camouflaged when in or above water. (Stealth+)))
You have tentacles for arms and can constrict up to eight enemies at once.


Message History

The ufetubus misses you. The ufetubus closely misses you.
There is an open door here.
You tentacle-slap the bat skeleton. Your grab misses the bat skeleton.
Your squeeze misses the bat skeleton.
The bat skeleton is severely damaged.
The bat skeleton hits you. x2; The ufetubus misses you.
The ufetubus closely misses you. The adder skeleton closely misses you.
The bat skeleton hits you.
You tentacle-slap the adder skeleton but do no damage.
You grab the adder skeleton. Your squeeze misses the adder skeleton.
You constrict the adder skeleton. The bat skeleton barely misses you.
The ufetubus misses you. The ufetubus hits you.
The bat skeleton barely misses you. The adder skeleton closely misses you.
The ufetubus closely misses you. x2; The bat skeleton hits you.
You tentacle-slap the adder skeleton.
The adder skeleton is lightly damaged.
You constrict the adder skeleton. The bat skeleton misses you.
The bat skeleton hits you. The ufetubus hits you. The ufetubus misses you.
The adder skeleton misses you.
You feel much better.
You constrict the adder skeleton. The ufetubus hits you.
The ufetubus hits you but does no damage.
The adder skeleton misses you. The ufetubus barely misses you.
The ufetubus hits you.
You tentacle-slap the adder skeleton. x2
The adder skeleton is severely damaged.
You constrict the adder skeleton. The adder skeleton closely misses you.
The ufetubus hits you.
* * * LOW HITPOINT WARNING * * *
The ufetubus closely misses you. The rat barely misses you.
You release your grip on the adder skeleton.
The rat attacks as you move away! The rat closely misses you.
The ufetubus barely misses you. The ufetubus hits you.
* * * LOW HITPOINT WARNING * * *
You closely miss the ufetubus. Your grab misses the ufetubus.
Your tentacle-slap misses the ufetubus.
The ufetubus closely misses you. x2
You tentacle-slap the ufetubus. You grab the ufetubus.
The ufetubus is severely wounded.
You constrict the ufetubus. The ufetubus closely misses you.
The ufetubus hits you.
You die...

##########'##...........
#.?..')))'.##......#..#
##########.##..........
#...........'...........
#+#####'#####......#..#.
#...†.##...........
#####'#####'#####+
#.....##.......#
#.h...##.......#
###5####.......#
#.ZrZ.##...<...#
........##.......#
#........##.......#
###########.......#
#########


You could see an ufetubus, a rat and an adder skeleton.

Vanquished Creatures
  A ball python (D)
  2 endoplasms (D)
  A quokka (D)
  A bat (D)
5 creatures vanquished.

Notes
Turn   | Place    | Note
-------+----------+-------------------------------------------
     0 | D        | garrulousMonolith the Octopode Shapeshifter began the quest
                  | for the Orb.
     0 | D        | Reached XP level 1. HP: 13/13 MP: 1/1
    14 | D        | Found a bloodstained altar of Trog.
    14 | D        | Found a shimmering blue altar of Sif Muna.
    14 | D        | Found a viscous altar of Jiyva.
    14 | D        | Found a hazy altar of Hepliaklqana.
    14 | D        | Found an opulent altar of Gozag.
    15 | D        | Found a glowing golden altar of the Shining One.
    15 | D        | Found a glowing silver altar of Zin.
    15 | D        | Found a basalt altar of Yredelemnul.
    15 | D        | Found a shimmering altar of Xom.
    15 | D        | Found an ornate altar of the Wu Jian Council.
    15 | D        | Found a sacrificial altar of Ru.
    15 | D        | Found a stormy altar of Qazlal.
    15 | D        | Found an iron altar of Okawaru.
    15 | D        | Found a sparkling altar of Nemelex Xobeh.
    15 | D        | Found a burning altar of Makhleb.
    15 | D        | Found a blossoming altar of Fedhas.
    15 | D        | Found a white marble altar of Elyvilon.
    15 | D        | Found a shadowy altar of Dithmenos.
    15 | D        | Found a snail-covered altar of Cheibriados.
    16 | D        | Found a radiant altar of Vehumet.
    16 | D        | Found a corrupted altar of Lugonu.
    17 | D        | Found a hide-covered altar of Uskayaw.
    17 | D        | Found an ancient bone altar of Kikubaaqudgha.
    17 | D        | Found a broken altar of Ashenzari.
    53 | D        | Became a worshipper of the Wu Jian Council
    68 | D        | Reached skill level 1 in Stealth
    73 | D        | Reached * piety under Wu Jian
    88 | D        | Slain by an ufetubus

Illustrated notes

Levels and vault maps discovered:
D:        pitsprint [storerooms_1, entrance_room_1, metal_vault_5, armoury_2,
          mini_pit_1, grid_room_1, main_hall_1, silver_pit, the_coven_3,
          the_vestibule_1, steel_vault_2, golden_pit, hallway_of_sentries,
          crystal_vault_1, iron_vault_3, final_vault]

Skill      XL: |  1 |
---------------+----+-----
Stealth        | 1 |  1.7
Fighting       | |  1.6
Dodging        | |  2.4
Unarmed Combat | |  3.3
Shapeshifting  | |  3.4

Action                     || total
---------------------------++-------
  Melee: Unarmed           ||    12
         Constrict         ||     3
         Punch             ||     1
Ability: Lunge             ||     2
    Use: Potion            ||     1
   Stab: Sleeping          ||     2
 Armour: Skin              ||     2
  Dodge: Dodged            ||    26

Table legend: (Time is in decaauts)
 A = Elapsed time spent in this place.
 B = Non-inter-level travel time spent in this place.
 C = Inter-level travel time spent in this place.
 D = Time resting spent in this place.
 E = Time spent auto-exploring this place.
 F = Levels seen in this place.
 G = Mean time per level.
                   A        B        C        D        E       F      G
               +--------+--------+--------+--------+--------+-----+--------+
         Total |     87 |     87 |      0 |      0 |      0 |   1 |   87.0 |
       Dungeon |     87 |     87 |      0 |      0 |      0 |   1 |   87.0 |
               +--------+--------+--------+--------+--------+-----+--------+

Top non-repeatable levels by time:
       D: 87 daAuts
